 Dungeon Crawl Stone Soup version 0.28.0-1-gb440e238dd (webtiles) character file.

Game seed: 15933202431245147467

146 Zeld the Magician (level 5, -4/28 HPs)
             Began as a Deep Elf Fire Elementalist on Feb 21, 2022.
             Engulfed by a cloud of steam (6 damage)
             ... in a sewer.
             The game lasted 00:06:37 (2758 turns).

Zeld the Magician (Deep Elf Fire Elementalist)      Turns: 2758, Time: 00:06:38

Health: -4/28      AC:  4    Str:  5    XL:     5   Next: 7%
Magic:  0/13       EV: 13    Int: 22    God:
Gold:   31         SH:  0    Dex: 15    Spells: 6/13 levels left

rFire   . . .      SeeInvis .   (no weapon)
rCold   . . .      Faith    .   (no shield)
rNeg    . . .      Spirit   .   a - +0 robe
rPois   .          Reflect  .   n - +0 helmet
rElec   .          Harm     .   (no cloak)
rCorr   .          Rampage  .   j - +0 pair of gloves
Will    .....                   (no boots)
Stlth   +.........              (no amulet)
HPRegen 0.09/turn               (no ring)
MPRegen 0.13/turn               (no ring)

@: very slightly contaminated, very slow
A: no striking features
a: no special abilities


You were in a sewer.
You visited 1 branch of the dungeon, and saw 3 of its levels.
You also visited: Sewer.

You collected 64 gold pieces.
You spent 33 gold pieces at shops.

Inventory:

Armour
 a - a +0 robe (worn)
 j - a +0 pair of gloves (worn)
 n - a +0 helmet (worn)
Scrolls
 c - a scroll of enchant weapon {unknown}
 e - a scroll of magic mapping {unknown}
 f - 2 scrolls of immolation {unknown}
 g - a scroll of brand weapon {unknown}
 h - a scroll of identify {unknown}
 l - a scroll of teleportation {unknown}
 m - a scroll of summoning {unknown}
Potions
 b - a potion of magic {unknown}
 d - a potion of heal wounds {unknown}
 i - 2 potions of might {unknown}
 k - a potion of curing


   Skills:
 + Level 3.2 Dodging
 + Level 3.3 Stealth
 * Level 4.6 Spellcasting
 + Level 2.1 Conjurations
 * Level 4.4 Fire Magic


You had 6 spell levels left.
You knew the following spells:

 Your Spells              Type           Power      Damage    Failure   Level
a - Foxfire               Conj/Fire      76%        2x1d7     2%          1
b - Scorch                Fire           48%        2d7       2%          2
c - Flame Wave            Conj/Fire      19%        2d6       26%         4

Your spell library contained the following spells:

 Spells                   Type           Power      Damage    Failure   Level
 Magic Dart               Conj           56%        1d5       4%          1
 Conjure Flame            Conj/Fire      19%        6-21      9%          3
 Freeze                   Ice            20%        1d4       11%         1
 Inner Flame              Hex/Fire       14%        N/A       13%         3
 Call Imp                 Summ           5%         N/A       16%         2
 Mephitic Cloud           Conj/Pois/Air  8%         N/A       24%         3
 Frozen Ramparts          Ice            10%        1d3       32%         3
 Hailstorm                Conj/Ice       9%         3d4       56%         4
 Animate Armour           Summ/Erth      10%        N/A       71%         4
 Petrify                  Tmut/Erth      5%         N/A       71%         4
 Metabolic Englaciation   Hex/Ice        2%         N/A       96%         5


Dungeon Overview and Level Annotations

Branches:
Dungeon (3/15)              Sewer (1/1)

Altars:

Shops:
D:2 *


Message History

The kobold barely misses you.
Casting: Scorch (safe; 2% risk of failure)
Confirm with . or Enter, or press ? or * to list all spells.
The spell is potentially lethal to miscast (26% risk of failure)!
Continue anyway?
Casting: Flame Wave (potentially lethal; 26% risk of failure)
Press: ? - help, Dir - look around, f - activate You miscast Flame Wave.
Nothing appears to happen.
The kobold brigand hits you with a +0 short sword.
The kobold misses you.
Unknown command.
Casting: Flame Wave (potentially lethal; 26% risk of failure)
Confirm with . or Enter, or press ? or * to list all spells.
The spell is potentially lethal to miscast (26% risk of failure)!
Continue anyway?
Casting: Flame Wave (potentially lethal; 26% risk of failure)
Press: ? - help, Dir - look around, f - activate A wave of flame ripples out!
The flame wave engulfs the kobold brigand.
The kobold brigand is lightly wounded.
The flame wave engulfs the kobold!
You kill the kobold!
You hear a splash. (Press . to intensify the flame waves.) Unknown command.
Unknown command.
Unknown command.
A wave of flame ripples out!
The flame wave engulfs the kobold brigand.
The kobold brigand is moderately wounded.
The flame wave engulfs the kobold.
You kill the kobold!
You hear a splash. x2
Unknown command.
Unknown command.
Unknown command.
You are engulfed in a cloud of scalding steam.
Ouch! That really hurt!
* * * LOW HITPOINT WARNING * * *
The kobold brigand is engulfed in a cloud of scalding steam.
You are engulfed in a cloud of scalding steam.
You die...

#..≈≈≈≈.≈≈.≈.....######
.#≈≈≈≈≈≈)≈≈≈≈≈≈≈≈≈≈≈≈≈≈###
...≈≈≈≈≈≈≈≈≈≈≈≈≈≈≈≈≈≈≈≈≈≈#
#≈≈≈≈≈≈≈§≈≈≈≈≈≈≈≈≈≈≈≈≈≈#
#≈.≈≈≈K§≈§§§.≈...#######
#.≈K..)§§)§#######
#########K## #§# #@# #≈#
#≈# #≈# #≈# #≈# #≈# #≈#
#≈#


You could see a kobold brigand.

Vanquished Creatures
  5 adders
  A river rat (Sewer)
  2 worms
  3 dart slugs
  2 orcs (D:3)
  5 endoplasms
  2 giant cockroaches (D:3)
  3 goblins
  2 hobgoblins
  11 jackals
  4 quokkas
  9 ball pythons
  6 bats
  A frilled lizard (D:2)
  10 kobolds
  10 rats
76 creatures vanquished.

Vanquished Creatures (collateral kills)
  A foxfire (D:1)
1 creature vanquished.

Vanquished Creatures (others)
  131 foxfires
131 creatures vanquished.

Grand Total: 208 creatures vanquished

Notes
Turn   | Place    | Note
-------+----------+-------------------------------------------
     0 | D:1      | Zeld the Deep Elf Fire Elementalist began the quest for the
                  | Orb.
     0 | D:1      | Reached XP level 1. HP: 10/10 MP: 6/6
   302 | D:1      | Reached XP level 2. HP: 13/15 MP: 1/8
   338 | D:1      | Learned a level 2 spell: Scorch
   724 | D:1      | Found a faded altar of an unknown god.
  1170 | D:2      | Reached XP level 3. HP: 19/19 MP: 8/10
  1431 | D:2      | Got the Guide on Curses and Clay
  1578 | D:2      | Found Bonets's General Store.
  1656 | D:2      | Bought a potion of curing for 33 gold pieces
  1689 | D:2      | Reached XP level 4. HP: 24/24 MP: 10/12
  2533 | D:3      | Found a glowing drain.
  2590 | Sewer    | Entered a sewer
  2594 | Sewer    | Reached XP level 5. HP: 28/28 MP: 4/13
  2606 | Sewer    | Learned a level 4 spell: Flame Wave
  2757 | Sewer    | HP: 1/28 [cloud of steam (18)]
  2758 | Sewer    | Engulfed by a cloud of steam

Illustrated notes

Levels and vault maps discovered:
D:1:      dpeg_arrival_prison, layout_basic, chequers_ecumenical_altar_grove
D:2:      layout_basic, serial_shops, nicolae_shop_trees
D:3:      layout_basic, gup_sewer_entry_glass
Sewer:    sewer_kobolds

Skill      XL: |  1  2  3  4 |
---------------+-------------+-----
Fire Magic     | 4 |  4.4
Spellcasting   | 4 |  4.6
Stealth        | 3 |  3.3
Dodging        | 3 |  3.2
Conjurations   | 2 |  2.1

Action                   |  1- 3 |  4- 6 || total
-------------------------+-------+-------++-------
Melee: Unarmed           |     3 |     5 ||     8
       Punch             |       |     1 ||     1
 Cast: Foxfire           |    66 |    18 ||    84
       Scorch            |     2 |    24 ||    26
       Flame Wave        |       |     1 ||     1
Armor: Robe              |     5 |     5 ||    10
Dodge: Dodged            |    25 |    17 ||    42
